cohdb
Replays
Latest Replays
All Replays
Popular Replays
Top Player Replays
Match Explorer
How It Works
Community
CoH3 Stats
Reddit
Sign in to upload your games and track your stats! →
Sign in with Steam
Match 40954449
Unlisted
Match 40954449
Overview
Messages
Build Orders
End
Construct Barracks
Riflemen Squad
Riflemen Squad
Selects Advanced Infantry Battlegroup
Riflemen Squad
Grenade Package
Infantry Support Center
Riflemen Squad
Selects Convert to Ranger Squad
Construct Motor Pool
M1918 Browning Automatic Rifles
Selects Frontline Medical Station
Frontline Medical Station
M1 Anti-tank Gun Team
M1 Anti-tank Gun Team
Selects Infantry Assault
Infantry Assault
[EPIC]SAGEKING
Dumpster Bob
Potato Ball Sack
zxcv
Earthdog
JIANHU
TIAmoRoselia.
cds700
0
0
Comments
sign in to comment!
No comments posted yet!